 Dungeon Crawl Stone Soup version 0.26-a0-466-g989023bd0d (webtiles) character file.

Game seed: 10691020456975357777

9013 KristoblXynda the Covert (level 11, -12/80 HPs)
             Began as a Vampire Gladiator on July 30, 2020.
             Was a Follower of Ashenzari.
             Killed from afar by an electric eel (14 damage)
             ... with a bolt of electricity
             ... on level 10 of the Dungeon.
             The game lasted 00:18:41 (9194 turns).

KristoblXynda the Covert (Vampire Gladiator)        Turns: 9194, Time: 00:18:42

Health: -12/80     AC: 12    Str: 13    XL:     11   Next: 17%
Magic:  11/11      EV: 19    Int: 13    God:    Ashenzari [*.....]
Gold:   452        SH:  6    Dex: 17    Spells: 10/10 levels left

rFire    . . .     SeeInvis +   G - +2 scimitar (flame)
rCold    + + .     Faith    .   L - +1 buckler {reflect} (curse)
rNeg     . . .     Spirit   .   o - +0 leather armour of Bilegurph {rC++} (curse)
rPois    .         Reflect  +   c - +1 helmet
rElec    .         Harm     .   s - +0 cloak
rCorr    .                      (no gloves)
MR       +....                  u - +0 pair of boots
Stlth    ++++......             r - amulet of regeneration (curse)
HPRegen  0.83/turn              j - +4 ring of evasion (curse)
MPRegen  0.12/turn              A - +4 ring of protection

@: regenerating quickly, lightly drained
A: fangs 3, see invisible, unbreathing
a: Exsanguinate, Curse Item, Scrying, Renounce Religion


You were on level 10 of the Dungeon.
You worshipped Ashenzari.
Ashenzari was aware of your devotion.
You visited 2 branches of the dungeon, and saw 11 of its levels.
You also visited: Sewer.

You collected 588 gold pieces.
You spent 136 gold pieces at shops.

Inventory:

Hand Weapons
 G - a +2 scimitar of flaming (weapon)
Missiles
 d - 4 throwing nets (quivered)
Armour
 c - a +1 helmet (worn)
 o - the cursed +0 leather armour of Bilegurph (worn) {rC++}
   (You found it on level 5 of the Dungeon)

   It greatly protects you from cold.
   It has a curse placed upon it.
 s - a +0 cloak (worn)
 u - a +0 pair of boots (worn)
 L - a cursed +1 buckler of reflection (worn)
Jewellery
 j - a cursed +4 ring of evasion (left hand)
 r - a cursed amulet of regeneration (around neck)
 v - an uncursed ring of protection from cold
 x - an uncursed ring of magical power
 A - a +4 ring of protection (right hand)
 D - an uncursed ring of poison resistance
 K - an uncursed ring of fire
Wands
 a - a wand of iceblast (7)
 e - a wand of acid (11)
 B - a wand of digging (3)
Scrolls
 b - 2 scrolls of fog
 f - 6 scrolls of teleportation
 m - a scroll of magic mapping
 t - 2 scrolls of enchant armour
 y - 2 scrolls of blinking
 H - a scroll of enchant weapon
 I - a scroll of amnesia
Potions
 g - 5 potions of heal wounds
 h - 3 potions of resistance
 i - 7 potions of curing
 l - 2 potions of stabbing {unknown}
 n - 5 potions of might
 p - 5 potions of flight
 q - 4 potions of brilliance
 w - a potion of berserk rage {unknown}
 z - a potion of lignification {unknown}
 C - 2 potions of invisibility
 E - a potion of haste {unknown}
 F - a potion of ambrosia {unknown}
 J - a potion of cancellation {unknown}


   Skills:
 + Level 5.6(5.2) Fighting
 + Level 9.4(9.0) Long Blades
 - Level 1.5(1.2) Throwing
 - Level 7.0(6.7) Armour
 + Level 6.4(6.1) Dodging
 - Level 10.0(9.6) Stealth
 - Level 4.0(3.7) Shields
 + Level 5.1(4.8) Evocations


You had 10 spell levels left.
You didn't know any spells.
Your spell library was empty.

Dungeon Overview and Level Annotations

Branches:
Dungeon (10/15)            Temple (1/1) D:6             Orc (0/2) D:9
  Sewer (visited)
   Lair: D:8-11

Altars:
Ashenzari
Cheibriados
Dithmenos
Elyvilon
Fedhas
Gozag
Hepliaklqana
Kikubaaqudgha
Makhleb
Nemelex Xobeh
Okawaru
Qazlal
Ru
Sif Muna
Trog
Uskayaw
Vehumet
Wu Jian
Xom
Yredelemnul
Zin
The Shining One

Shops:
D:9 [


Innate Abilities, Weirdness & Mutations

Your natural rate of healing is unusually fast.
You have razor-sharp teeth.
You have supernaturally acute eyesight. (SInv)
You can survive without breathing.


Message History

You miss the killer bee zombie.
The killer bee zombie hits you but does no damage.
The electric eel shoots out a bolt of lightning at you!
The bolt of electricity misses you.
Unknown command.
You slash the killer bee zombie! You burn the killer bee zombie.
You bite the killer bee zombie.
The killer bee zombie is severely damaged.
The killer bee zombie misses you.
The electric eel shoots out a bolt of lightning at you!
The bolt of electricity hits you!
* * * LOW HITPOINT WARNING * * *
The bolt of electricity hits you!
* * * LOW HITPOINT WARNING * * *
The killer bee zombie barely misses you.
The iguana hisses menacingly.
An electric eel comes into view.
The electric eel shoots out a bolt of lightning at you!
The bolt of electricity hits you!
You die...

######### ........###
### ......5@Z.#########
#<. ≈......##..#......#
#.# ..≈....
#..#......####.# ≈≈≈≈...
##........##.... ≈≈≈;...
#.............. ;≈≈≈≈.;
###).........#.
l≈≈≈≈≈≈###..............
≈.h≈≈≈≈............#..#.
≈≈≈≈≈≈..o...H.....##...


You could see a wolf, an iguana, 3 electric eels, an ufetubus and a killer bee
zombie.

Vanquished Creatures
  Erolcha (D:9)
  Erica (D:8)
  Nergalle (D:10)
  Pikel (D:7)
  Prince Ribbit (D:6)
  A shadow (D:9)
  A wyvern (D:8)
  2 wraiths (D:9)
  8 yaks (D:9)
  Grum (D:8)
  Menkaure (D:7)
  2 two-headed ogre zombies (D:9)
  Duvessa (D:7)
  4 orc warriors
  2 sky beasts
  An ogre (D:5)
  4 ice beasts
  2 phantoms
  5 wolves
  4 centaurs
  2 lemures (D:6)
  3 bullfrogs
  6 scorpions
  Dowan (D:7)
  A troll zombie (D:9)
  4 killer bees (D:7)
  A howler monkey (D:6)
  A crimson imp (D:7)
  9 hounds
  3 jellies
  3 orc priests
  Crazy Yiuf (D:7)
  A centaur skeleton (D:6)
  3 bullfrog skeletons
  7 orc wizards
  3 iguanas
  2 worker ants
  5 ogre zombies (D:9)
  A hound zombie (D:6)
  3 hound skeletons
  A worker ant zombie (D:6)
  13 adders
  11 gnolls
  A howler monkey zombie (D:7)
  2 howler monkey skeletons
  A river rat (D:3)
  2 shadow imps
  4 white imps
  An ufetubus (D:9)
  An adder zombie (D:8)
  6 worms
  2 dart slugs
  5 leopard geckos
  29 orcs
  4 ball pythons
  13 bats
  8 giant cockroaches
  9 goblins
  9 hobgoblins
  16 jackals
  5 quokkas
  6 frilled lizards
  3 goblin skeletons (D:9)
  2 goblin zombies (D:9)
  A hobgoblin skeleton (D:9)
  4 hobgoblin zombies (D:9)
  A jackal skeleton (D:4)
  A jackal zombie (D:7)
  23 kobolds
  A leopard gecko skeleton (D:4)
  A leopard gecko zombie (D:6)
  4 orc skeletons (D:9)
  11 orc zombies (D:9)
  A quokka skeleton (D:4)
  A quokka zombie (D:6)
  10 rats
317 creatures vanquished.

Notes
Turn   | Place    | Note
-------+----------+-------------------------------------------
     0 | D:1      | KristoblXynda the Vampire Gladiator began the quest for the
                  | Orb.
     0 | D:1      | Reached XP level 1. HP: 16/16 MP: 1/1
   279 | D:1      | Reached XP level 2. HP: 22/22 MP: 2/2
   431 | D:1      | Reached skill level 1 in Stealth
   470 | D:1      | Reached XP level 3. HP: 18/27 MP: 3/3
  1010 | D:2      | Reached skill level 2 in Stealth
  1022 | D:2      | Reached skill level 1 in Armour
  1192 | D:2      | Reached XP level 4. HP: 30/33 MP: 4/4
  2151 | D:3      | Found a glowing drain.
  2173 | Sewer    | Entered a sewer
  2247 | Sewer    | Reached skill level 3 in Stealth
  2372 | Sewer    | Reached XP level 5. HP: 38/38 MP: 5/5
  3213 | D:4      | Reached skill level 4 in Stealth
  3222 | D:4      | Reached XP level 6. HP: 40/44 MP: 6/6
  3534 | D:5      | Entered Level 5 of the Dungeon
  3601 | D:5      | Found an ornate altar of the Wu Jian Council.
  3623 | D:5      | Got a translucent leather armour
  3641 | D:5      | Identified the cursed +0 leather armour of Bilegurph {rC++}
                  | (You found it on level 5 of the Dungeon)
  3691 | D:5      | Found a sacrificial altar of Ru.
  3895 | D:5      | Got a fading long sword
  4035 | D:5      | Reached skill level 5 in Dodging
  4443 | D:5      | Noticed an ice beast
  4458 | D:5      | Killed an ice beast
  4458 | D:5      | Reached skill level 5 in Stealth
  4458 | D:5      | Reached XP level 7. HP: 50/50 MP: 7/7
  4562 | D:6      | Found a blossoming altar of Fedhas.
  4562 | D:6      | Found a stormy altar of Qazlal.
  4578 | D:5      | Reached skill level 5 in Long Blades
  4618 | D:6      | Reached skill level 6 in Stealth
  4619 | D:6      | Found a shimmering blue altar of Sif Muna.
  4620 | D:6      | Found a white marble altar of Elyvilon.
  4620 | D:6      | Found a glowing golden altar of the Shining One.
  4622 | D:6      | Found an ancient bone altar of Kikubaaqudgha.
  4623 | D:6      | Found a glowing silver altar of Zin.
  4861 | D:6      | Noticed a cyclops
  4922 | D:6      | Identified the +1 long sword "Saiwniuj" {protect, Str+3}
                  | (You found it on level 5 of the Dungeon)
  4930 | D:6      | Found a staircase to the Ecumenical Temple.
  4953 | D:6      | Reached XP level 8. HP: 55/56 MP: 8/8
  4962 | Temple   | Entered the Ecumenical Temple
  5041 | Temple   | Became a worshipper of Ashenzari the Shackled
  5135 | D:6      | Noticed Prince Ribbit
  5176 | D:6      | Killed Prince Ribbit
  5176 | D:6      | Reached skill level 7 in Stealth
  5176 | D:6      | Reached skill level 1 in Shields
  5402 | D:6      | Reached skill level 8 in Stealth
  5574 | D:7      | Noticed Menkaure
  5575 | D:7      | Noticed Pikel
  5694 | D:7      | Noticed Duvessa
  5706 | D:7      | Found a shimmering altar of Xom.
  5706 | D:7      | Found a burning altar of Makhleb.
  5742 | D:7      | Noticed Dowan
  5752 | D:7      | Killed Dowan
  5765 | D:7      | Killed Duvessa
  5810 | D:7      | Killed Menkaure
  5896 | D:7      | Reached XP level 9. HP: 61/61 MP: 9/9
  6029 | D:7      | Reached skill level 9 in Stealth
  6168 | D:7      | Killed Pikel
  6168 | D:7      | Reached skill level 5 in Armour
  6275 | D:7      | Found a sparkling altar of Nemelex Xobeh.
  6455 | D:7      | Found a shimmering blue altar of Sif Muna.
  6630 | D:7      | Found a runed translucent door.
  6631 | D:7      | Noticed Crazy Yiuf
  6766 | D:7      | Killed Crazy Yiuf
  6841 | D:8      | Reached skill level 10 in Stealth
  6955 | D:8      | Noticed Grum
  6961 | D:8      | Reached skill level 1 in Evocations
  6985 | D:8      | Killed Grum
  7249 | D:8      | Found an iron altar of Okawaru.
  7420 | D:8      | Reached XP level 10. HP: 64/70 MP: 10/10
  7428 | D:8      | Noticed Erica
  7433 | D:8      | Killed Erica
  7815 | D:9      | Found Awuel's Armour Shop.
  7815 | D:9      | Noticed Erolcha
  7825 | D:9      | Killed Erolcha
  7862 | D:9      | Found a staircase to the Orcish Mines.
  8315 | D:9      | Reached skill level 5 in Fighting
  8330 | D:9      | Reached * piety under Ashenzari
  8402 | D:9      | Reached XP level 11. HP: 63/80 MP: 11/11
  8505 | D:9      | Bought a +0 buckler of reflection for 136 gold pieces
  8923 | D:9      | Found a snail-covered altar of Cheibriados.
  8995 | D:10     | Entered Level 10 of the Dungeon
  9142 | D:10     | Noticed Nergalle
  9168 | D:10     | Noticed a spectral orc warlord
  9168 | D:10     | Noticed a spectral orc warlord
  9170 | D:10     | Noticed a spectral orc warlord
  9180 | D:10     | Noticed a spectral orc warlord
  9184 | D:10     | Killed Nergalle
  9184 | D:10     | Reached skill level 5 in Evocations
  9194 | D:10     | HP: 2/80 [electric eel/bolt of electricity (14)]
  9194 | D:10     | Killed from afar by an electric eel

Illustrated notes

Levels and vault maps discovered:
D:1:      sevenhm_arrival_forest_fort_small_3, layout_loops_ring
D:2:      layout_loops_ring, serial_forest, infiniplex_forest_clump_small,
          infiniplex_forest_straight_4, infiniplex_forest_end_double,
          infiniplex_forest_lined_3, infiniplex_forest_clump_tiny,
          infiniplex_forest_clump_tiny, infiniplex_forest_3_way,
          minmay_box_of_dots
D:3:      layout_basic, cheibrodos_sewer_entry_sluice, st_stairs_9
D:4:      layout_basic, kennysheep_cross_room
D:5:      layout_basic, lemuel_crystal_altar, minmay_crystal_water,
          hangedman_ru_absence
D:6:      layout_cave_pools, grunt_temple_overflow_open, temple_fountains,
          lightli_corner_chamber, uniq_prince_ribbit1
D:7:      layout_rooms, grunt_temple_overflow_champion_of_chaos,
          nemelex_altar_shiori, lemuel_tele_altar, uniq_duvessa,
          uniq_crazy_yiuf_cottage, uniq_pikel, uniq_menkaure
D:8:      layout_loops_cross, okawaru_gym_becter, item_on_display_a, uniq_grum,
          uniq_erica
D:9:      layout_loops_ring, cheibrodos_worm_habitat, zombieorc2_lemuel,
          serial_shops, nicolae_shop_waterfront, uniq_erolcha
D:10:     layout_rooms, erik_lair_island, uniq_nergalle, uniq_josephine
Temple:   nicolae_temple_figure_zero

Skill      XL: |  1  2  3  4  5  6  7  8  9 10 11 |
---------------+----------------------------------+-----
Fighting       | 2 3 5 |  5.6
Stealth        | 1 2 3 4 5 6 8 10 | 10.0
Armour         | 1 2 3 4 5 7 |  7.0
Dodging        | 4 5 6 |  6.4
Long Blades    | 4 5 6 7 9 |  9.4
Shields        | 3 4 |  4.0
Evocations     | 2 4 5 |  5.1
Throwing       | |  1.5

Action                   |  1- 3 |  4- 6 |  7- 9 | 10-12 || total
-------------------------+-------+-------+-------+-------++-------
Melee: Long sword        |   103 |   248 |   522 |     8 ||   881
       Bite              |    18 |    30 |    81 |    47 ||   176
       Scimitar          |       |       |       |   295 ||   295
Invok: Curse Item        |       |       |     2 |     1 ||     3
Evoke: Wand              |       |       |     4 |     6 ||    10
  Use: Scroll            |       |    11 |     7 |     6 ||    24
       Potion            |       |       |     2 |       ||     2
 Stab: Sleeping          |     6 |    16 |    10 |     7 ||    39
       Distracted        |       |     1 |     2 |     2 ||     5
Armor: Leather armour    |    25 |    32 |   121 |    47 ||   225
       Ring mail         |       |    18 |       |       ||    18
Dodge: Dodged            |   109 |   249 |   463 |   227 ||  1048
Block: Buckler           |       |       |    85 |    76 ||   161
       Rpst.: Long sword |    35 |    74 |   159 |       ||   268
       Scimitar          |       |       |       |    57 ||    57

Table legend: (Time is in decaauts)
 A = Elapsed time spent in this place.
 B = Non-inter-level travel time spent in this place.
 C = Inter-level travel time spent in this place.
 D = Time resting spent in this place.
 E = Time spent auto-exploring this place.
 F = Levels seen in this place.
 G = Mean time per level.
                   A        B        C        D        E       F      G
               +--------+--------+--------+--------+--------+-----+--------+
         Total |   9322 |   8932 |    390 |   1464 |   4246 |  12 |  776.8 |
       Dungeon |   8942 |   8561 |    381 |   1464 |   4141 |  10 |  894.2 |
        Temple |    138 |    129 |      9 |      0 |    105 |   1 |  138.0 |
         Sewer |    241 |    241 |      0 |      0 |      0 |   1 |  241.0 |
               +--------+--------+--------+--------+--------+-----+--------+

Top non-repeatable levels by time:
     D:7: 1187 daAuts
     D:9: 1185 daAuts
     D:2: 1108 daAuts
     D:5: 1090 daAuts
     D:1: 992 daAuts
     D:8: 986 daAuts
     D:6: 931 daAuts
     D:3: 759 daAuts
     D:4: 507 daAuts
   Sewer: 241 daAuts
    D:10: 194 daAuts
  Temple: 138 daAuts
